 Dungeon Crawl Stone Soup version 0.29.1-1-gd02db6906a (webtiles) character file.

Game seed: 6676835271684743977

653 Godmorgon the Magician (level 7, -1/51 HPs)
             Began as a Djinni Ice Elementalist on Oct 5, 2022.
             Was a Follower of Makhleb.
             Slain by an ice beast (9 damage)
             ... on level 7 of the Dungeon.
             The game lasted 00:49:06 (6177 turns).

Godmorgon the Magician (Djinni Ice Elementalist)    Turns: 6177, Time: 00:49:07

Health: -1/51      AC:  9    Str:  7    XL:     7   Next: 84%
Gold:   373        EV: 12    Int: 25    God:    Makhleb [*.....] SH:  0 Dex: 13

rFire   + + .      SeeInvis .   b - +2 whip (vamp)
rCold   x . .      Faith    +   (no shield)
rNeg    . . .      Spirit   .   f - +0 robe
rPois   ∞          Reflect  .   (no helmet)
rElec   .          Harm     .   (no cloak)
rCorr   .          Rampage  .   (no gloves)
Will    .....                   (boots unavailable)
Stlth   ++........              F - amulet of faith
HPRegen 0.17/turn               l - +6 ring of intelligence
MPRegen 0.00/turn               (no ring)

@: ice-armoured, flying
A: sickness immunity, fire resistance 2, cold vulnerability 1, float, innate
caster, HP casting, extra vitality 1
a: Renounce Religion


You were on level 7 of the Dungeon.
You worshipped Makhleb.
Makhleb was aware of your devotion.
You visited 2 branches of the dungeon, and saw 8 of its levels.

You collected 373 gold pieces.

Inventory:

Hand Weapons
 a - a +0 sling
 b - a +2 vampiric whip (weapon)
 u - a +0 long sword
Missiles
 j - 5 javelins
 s - a throwing net
 t - 13 boomerangs
 y - 4 atropa-tipped darts
 C - 3 poisoned darts (quivered)
Armour
 f - a +0 robe (worn)
 g - a +0 leather armour
Jewellery
 l - a +6 ring of intelligence (left hand)
 F - an amulet of faith (around neck)
Wands
 m - a wand of iceblast (12)
 w - a wand of flame (32)
 G - a wand of charming (8)
Scrolls
 e - a scroll of blinking {unknown}
 i - a scroll of vulnerability {unknown}
 k - a scroll of teleportation {unknown}
 r - 2 scrolls of identify {unknown}
 v - a scroll of noise {unknown}
 x - a scroll of brand weapon {unknown}
 B - 2 scrolls of immolation {unknown}
 H - a scroll of fear {unknown}
Potions
 c - 3 potions of brilliance
 d - 4 potions of heal wounds {unknown}
 h - a potion of mutation {unknown}
 n - a potion of ambrosia {unknown}
 o - a potion of degeneration {unknown}
 p - a potion of flight {unknown}
 q - 2 potions of curing {unknown}
 z - a potion of invisibility {unknown}
 A - 2 potions of lignification {unknown}
 D - a potion of resistance {unknown}
 E - a potion of magic {unknown}


   Skills:
 + Level 3.7 Fighting
 * Level 2.7 Ranged Weapons
 - Level 2.1 Dodging
 - Level 1.5 Stealth
 * Level 5.5 Spellcasting


You couldn't memorise any spells.
You knew the following spells:

 Your Spells              Type           Power      Damage    Failure   Level
a - Ozocubu's Armour      Ice            34%        N/A       2%          3
f - Freeze                Ice            100%       1d11      1%          1
h - Hailstorm             Conj/Ice       34%        3d9       8%          4
i - Ignite Poison         Fire/Tmut/Pois 34%        N/A       2%          3
r - Frozen Ramparts       Ice            68%        1d11      2%          3
B - Beastly Appendage     Tmut           68%        N/A       1%          1
W - Wereblood             Tmut           34%        N/A       1%          2
Your spell library was empty.

Dungeon Overview and Level Annotations

Branches:
Dungeon (7/15)             Temple (1/1) D:4

Altars:
Ashenzari
Cheibriados
Elyvilon
Fedhas
Hepliaklqana
Makhleb
Nemelex Xobeh
Qazlal
Ru
Trog
Uskayaw
Yredelemnul
Zin
The Shining One

Annotations:
D:3 exclusion: black bear, Grinder
D:5 exclusion: upstairs


Innate Abilities, Weirdness & Mutations

You are immune to sickness and miasma.
You are immune to poison.
Your flesh is very heat resistant. (rF++)
You are vulnerable to cold. (rC-)
You float through the air rather than walking.
You learn spells naturally, not from books.
Your magical power is your life essence.
You have superior vitality. (+4 MHP)


Message History

You hit the ice beast but do no damage.
The ice beast is heavily wounded.
The ice beast hits you but does no damage.
You barely miss the ice beast.
The ice beast is heavily wounded.
The ice beast hits you but does no damage.
You hit the ice beast but do no damage.
The ice beast is heavily wounded.
The ice beast hits you but does no damage. x2
You hit the ice beast but do no damage.
The ice beast is heavily wounded.
The ice beast hits you but does no damage.
You hit the ice beast.
The ice beast is heavily wounded.
The ice beast hits you but does no damage.
You hit the ice beast but do no damage.
The ice beast is heavily wounded.
The ice beast hits you but does no damage.
You hit the ice beast.
The ice beast is heavily wounded.
The ice beast closely misses you.
You completely miss the ice beast.
The ice beast is heavily wounded.
The ice beast barely misses you.
You hit the ice beast.
The ice beast is severely wounded.
The ice beast hits you. The ice beast freezes you!!
You feel a terrible chill!
You hit the ice beast but do no damage.
The ice beast is severely wounded.
The ice beast hits you. The ice beast freezes you!!
You feel a terrible chill!
* * * LOW HITPOINT WARNING * * *
You hit the ice beast.
The ice beast is severely wounded.
The ice beast misses you.
You barely miss the ice beast.
The ice beast is severely wounded.
The ice beast hits you.
* * * LOW HITPOINT WARNING * * *
The ice beast freezes you!
You feel a terrible chill!
You die...

##..####..#....#
.....<....+....#
..........#....#
##..###...#....#
#######'######.
#...#....#
#...'....#
#...#....#
#...#.@..#
######Y### (..
..... ......+
.(.....#
.#####... ..
....


You could see an ice beast.

Vanquished Creatures
  An ogre (D:6)
  A bullfrog (D:6)
  2 necrophages (D:5)
  A scorpion (D:6)
  A hound (D:5)
  A gnoll bouda (D:4)
  An iguana (D:6)
  2 orc wizards
  4 gnolls (D:4)
  3 adders
  2 white imps
  An ufetubus (D:6)
  3 worms
  2 dart slugs (D:3)
  11 orcs
  4 endoplasms
  7 hobgoblins
  4 jackals (D:5)
  7 kobolds
  6 quokkas
  12 ball pythons
  3 bats
  2 frilled lizards
  15 goblins
  4 rats
100 creatures vanquished.

Notes
Turn   | Place    | Note
-------+----------+-------------------------------------------
     0 | D:1      | Godmorgon the Djinni Ice Elementalist began the quest for
                  | the Orb.
     0 | D:1      | Godmorgon set off with the following spells memorised:
                  | Freeze, Frozen Ramparts, Ozocubu's Armour, Hailstorm.
     0 | D:1      | Reached XP level 1. HP: 15/15 MP: 0/0
   313 | D:1      | Reached XP level 2. HP: 21/22 MP: 0/0
  1008 | D:2      | Reached skill level 1 in Fighting
  1100 | D:2      | Reached XP level 3. HP: 23/27 MP: 0/0
  1100 | D:2      | Learned a level 1 spell: Beastly Appendage
  1113 | D:2      | Found a sparkling altar of Nemelex Xobeh.
  1593 | D:3      | Found a hide-covered altar of Uskayaw.
  1706 | D:3      | Noticed Grinder
  1813 | D:3      | Reached XP level 4. HP: 31/32 MP: 0/0
  1819 | D:3      | Reached skill level 4 in Spellcasting
  2418 | D:3      | Noticed a black bear
  2559 | D:3      | Found a snail-covered altar of Cheibriados.
  2746 | D:4      | Reached XP level 5. HP: 30/38 MP: 0/0
  2746 | D:4      | Learned a level 2 spell: Wereblood
  2912 | D:4      | Found a staircase to the Ecumenical Temple.
  2938 | Temple   | Entered the Ecumenical Temple
  3056 | Temple   | Became a worshipper of Makhleb the Destroyer
  3758 | D:5      | Entered Level 5 of the Dungeon
  3766 | D:5      | Reached XP level 6. HP: 45/45 MP: 0/0
  4146 | D:5      | Reached skill level 1 in Ranged Weapons
  4191 | D:5      | Reached skill level 5 in Spellcasting
  4450 | D:5      | Noticed an ice beast
  4573 | D:5      | You are sucked into a shaft and drop 1 floor!
  4822 | D:6      | Reached XP level 7. HP: 46/50 MP: 0/0
  4822 | D:6      | Learned a level 3 spell: Ignite Poison
  5013 | D:6      | Reached * piety under Makhleb
  6177 | D:7      | Slain by an ice beast

Illustrated notes

Levels and vault maps discovered:
D:1:      minmay_arrival_diagonal_passages, layout_rooms
D:2:      layout_rooms, basic_altar
D:3:      layout_loops_ring, kennysheep_slug_shrine,
          eat_drink_and_be_merry_uskayaw, uniq_grinder
D:4:      layout_rooms, minmay_temple_entry_glassed_door, minmay_goblin_outpost
D:5:      layout_cave_pools
D:6:      layout_cave_pods, kennysheep_nondescript
D:7:      layout_gridville
Temple:   nicolae_temple_ecumenical_triangle

Skill      XL: |  1  2  3  4  5  6  7 |
---------------+----------------------+-----
Fighting       | 1 2 3 |  3.7
Spellcasting   | 4 5 |  5.5
Ranged Weapons | 1 2 |  2.7
Dodging        | |  2.1
Stealth        | |  1.5

Action                   |  1- 3 |  4- 6 |  7- 9 || total
-------------------------+-------+-------+-------++-------
Melee: Dagger            |     1 |       |       ||     1
       Unarmed           |     1 |       |       ||     1
       Whip              |       |    47 |    37 ||    84
       Punch             |       |       |     1 ||     1
 Fire: Sling             |    39 |    75 |    20 ||   134
Throw: Dart              |       |     7 |    15 ||    22
       Javelin           |       |       |     1 ||     1
 Cast: Freeze            |    37 |    14 |       ||    51
       Frozen Ramparts   |       |    15 |     9 ||    24
       Ozocubu's Armour  |       |     3 |     5 ||     8
       Ignite Poison     |       |       |     1 ||     1
  Use: Potion            |       |     1 |       ||     1
Armor: Robe              |     8 |    13 |    12 ||    33
Dodge: Dodged            |    28 |    40 |    18 ||    86
